 Dungeon Crawl Stone Soup version 0.30.1-9-gdf580d7c3d (webtiles) character file.

Game seed: 17094965281484667532

121 pop123321pop the Magician (level 4, -1/24 HPs)
             Began as a Deep Elf Fire Elementalist on Sept 30, 2023.
             Slain by Ijyb
             ... wielding a +0 dagger
              (5 damage)
             ... on level 2 of the Dungeon.
             The game lasted 00:09:41 (2424 turns).

pop123321pop the Magician (DEFE)                    Turns: 2424, Time: 00:09:42

Health: -1/24      AC:  2    Str:  5    XL:     4   Next: 76%
Magic:  0/12       EV: 12    Int: 22    God:
Gold:   118        SH:  0    Dex: 15    Spells: 9/12 levels left

rFire   . . .        d - staff of conjuration
rCold   . . .        (no shield)
rNeg    . . .        a - +0 robe
rPois   .            (no helmet)
rElec   .            (no cloak)
rCorr   .            (no gloves)
SInv    .            (no boots)
Will    .....        (no amulet)
Stlth   ++           (no ring)
HPRegen 0.24/turn    (no ring)
MPRegen 0.13/turn

%: no passive effects
@: flying
A: no striking features
a: no special abilities


You were on level 2 of the Dungeon.
You visited 1 branch of the dungeon, and saw 3 of its levels.

You collected 118 gold pieces.

Inventory:

Armour
 a - a +0 robe (worn)
Magical Staves
 d - a staff of conjuration (weapon)
Jewellery
 h - a ring of see invisible
Scrolls
 b - a scroll of magic mapping {unknown}
 e - 3 scrolls of fear
 f - a scroll of poison {unknown}
 g - a scroll of amnesia {unknown}
 j - a scroll of immolation {unknown}
 k - a scroll of silence {unknown}
 m - a scroll of enchant armour {unknown}
Potions
 i - a potion of flight


   Skills:
 - Level 2.5 Dodging
 - Level 2.5 Stealth
 * Level 4.6 Spellcasting
 * Level 3.0 Conjurations
 - Level 4.2 Fire Magic


You had 9 spell levels left.
You knew the following spells:

 Your Spells              Type           Power      Damage    Failure   Level
a - Foxfire               Conj/Fire      100%       2x1d9     2%          1
b - Scorch                Fire           46%        2d6       2%          2

Your spell library contained the following spells:

 Spells                   Type           Power      Damage    Failure   Level
 Sandblast                Erth           10%        2d5       11%         1
 Inner Flame              Hex/Fire       14%        N/A       13%         3
 Volatile Blastmotes      Fire/Tloc      28%        2d12      13%         3
 Passwall                 Tmut/Erth      4%         N/A       16%         2
 Stone Arrow              Conj/Erth      34%        3d9       17%         3
 Flame Wave               Conj/Fire      31%        2d9       24%         4
 Portal Projectile        Hex/Tloc       10%        N/A       30%         3
 Tukima's Dance           Hex            5%         N/A       30%         3
 Blade Hands              Tmut           2%         N/A       96%         5


Dungeon Overview and Level Annotations

Branches:
Dungeon (3/15)

Altars:

Annotations:
D:2 Ijyb


Message History

The foxfire hits Ijyb but does no damage.
Ijyb is lightly wounded.
Casting: Foxfire (safe; 2% risk of failure)
Confirm with . or Enter, or press ? or * to list all spells.
You feel a surge of power!
You conjure some foxfire!
Ijyb zaps a wand.
The puff of flame hits you!
The foxfire hits Ijyb but does no damage.
Ijyb is lightly wounded.
The foxfire hits Ijyb.
Ijyb is burned terribly!
Ijyb is moderately wounded.
Ijyb zaps a wand.
The puff of flame hits you!
* * * LOW HITPOINT WARNING * * *
Casting: Foxfire (safe; 2% risk of failure)
Confirm with . or Enter, or press ? or * to list all spells.
You feel a surge of power!
You conjure some foxfire!
The foxfire hits Ijyb!
Ijyb is burned terribly!
Ijyb is severely wounded.
Casting: Foxfire (safe; 2% risk of failure)
Confirm with . or Enter, or press ? or * to list all spells.
You don't have enough magic to cast this spell.
Your foxfire dissipates!
You feel better.
Ijyb is no longer more vulnerable to fire.
Casting: Foxfire (safe; 2% risk of failure)
Confirm with . or Enter, or press ? or * to list all spells.
You don't have enough magic to cast this spell.
Casting: Foxfire (safe; 2% risk of failure)
Confirm with . or Enter, or press ? or * to list all spells.
You don't have enough magic to cast this spell.
You feel very buoyant.
You fly up into the air.
Ijyb hits you with a +0 dagger. Ijyb attacks as you move away!
Ijyb hits you with a +0 dagger.
Casting: Foxfire (safe; 2% risk of failure)
Confirm with . or Enter, or press ? or * to list all spells.
You feel a surge of power!
You conjure some foxfire!
Ijyb zaps a wand.
The puff of flame hits you!
* * * LOW HITPOINT WARNING * * *
Your foxfire dissipates!
Ijyb attacks as you move away! Ijyb hits you with a +0 dagger.
You die...

#######.................)........
##.#.#.#.##.##............. #
##......####.####...#.......
######.......#....#####.#...#..##
....................)......#..##
#.##........#..#..#..#..#....##
#....♣P......#..#..#..#......#
......♣..##...#..#..#..#.....#
##.#.....##.#..#@.#..#..#..<.####
##.##..#.#...#.v#g.#..#..........
##..<........................###.
....########...............#####.
##.## ###.....(.......##.#.###...
#.####...............##.###.....
#.##............>...#####...#..#
##....#.....)......###...........
#.....)..#.##....###...##.#.....#


You could see Ijyb (ally target).

Vanquished Creatures
  A gnoll (D:3)
  5 adders
  A dart slug (D:1)
  3 ball pythons (D:1)
  3 endoplasms
  A giant cockroach (D:1)
  5 goblins
  8 hobgoblins
  4 jackals
  6 quokkas
  5 bats
  6 frilled lizards
  8 kobolds
  4 rats (D:2)
60 creatures vanquished.

Vanquished Creatures (collateral kills)
  A foxfire (D:2)
1 creature vanquished.

Vanquished Creatures (others)
  260 foxfires
260 creatures vanquished.

Grand Total: 321 creatures vanquished

Notes
Turn   | Place    | Note
-------+----------+-------------------------------------------
     0 | D:1      | pop123321pop the Deep Elf Fire Elementalist began the quest
                  | for the Orb.
     0 | D:1      | Reached XP level 1. HP: 10/10 MP: 6/6
   275 | D:1      | Reached XP level 2. HP: 13/15 MP: 2/8
   558 | D:1      | Found a faded altar of an unknown god.
   694 | D:1      | Reached XP level 3. HP: 15/19 MP: 0/10
  1552 | D:2      | Reached XP level 4. HP: 23/24 MP: 7/12
  2323 | D:2      | Learned a level 2 spell: Scorch
  2344 | D:2      | Identified a scroll of acquirement
  2344 | D:2      | Acquired a staff of conjuration
  2398 | D:3      | Noticed Ijyb
  2424 | D:2      | Slain by Ijyb

Illustrated notes

Levels and vault maps discovered:
D:1:      lemuel_arrival_room, layout_loops_ring, serial_glass, glass_columns_a,
          glass_columns_a, hellmonk_ecumenical_altar_leap_of_faith,
          minmay_hexomino_f4
D:2:      minmay_skewed_foursquare, layout_rooms, grunt_ministairs_13,
          minmay_misc_feat_diagonals, minmay_misc_feat_doors,
          serial_park_tiny_1, kennysheep_crisscross
D:3:      layout_rooms, nicolae_half_adder, uniq_ijyb

Skill      XL: |  1  2  3  4 |
---------------+-------------+-----
Fire Magic     | 4 |  4.2
Conjurations   | 2 3 |  3.0
Spellcasting   | 4 |  4.6
Dodging        | |  2.5
Stealth        | |  2.5

Action                     |  1- 3 |  4- 6 || total
---------------------------+-------+-------++-------
  Melee: Unarmed           |     2 |       ||     2
   Cast: Foxfire           |   113 |    64 ||   177
         Scorch            |       |     3 ||     3
    Use: Potion            |     3 |     3 ||     6
         Scroll            |       |     3 ||     3
 Armour: Robe              |     6 |     1 ||     7
  Dodge: Dodged            |    40 |     7 ||    47
